 Dungeon Sprint DCSS version 0.25-a0-731-g0472a16d6a (webtiles) character file.

Game seed: 3454044136947406248, levelgen mode: deterministic

102 BillyBuyo the Magician (level 4, -4/36 HPs)
             Began as a Deep Elf Air Elementalist on Apr 9, 2020.
             Slain by a sky beast (6 damage)
             ... in the Dungeon (Sprint IX: "|||||||||||||||||||||||||||||").
             The game lasted 00:02:06 (350 turns).

BillyBuyo the Magician (Deep Elf Air Elementalist)   Turns: 350, Time: 00:02:07

Health: -4/36      AC:  2    Str:  5    XL:     4   Next: 49%
Magic:  15/15      EV: 14    Int: 21    God:
Gold:   0          SH:  0    Dex: 15    Spells: 17/18 levels left

rFire    . . .     SeeInvis .   b - +0 club
rCold    . . .     Gourm    .   (no shield)
rNeg     . . .     Faith    .   a - +0 robe
rPois    .         Spirit   .   (no helmet)
rElec    .         Reflect  .   (no cloak)
rCorr    .         Harm     .   (no gloves)
MR       .....     NoTele   +   (no boots)
Stlth    ..........             (no amulet)
HPRegen  0.12/turn              (no ring)
MPRegen  0.14/turn              (no ring)

@: berserking (expiring), very quick
A: no striking features
a: no special abilities


You were in the Dungeon.
You were not hungry.

You visited 1 branch

Inventory:

Hand Weapons
 b - a +0 club (weapon)
Armour
 a - a +0 robe (worn)
Potions
 d - a potion of curing
 e - a potion of heal wounds
 f - a potion of haste
 g - 2 potions of magic
Comestibles
 c - a ration


   Skills:
 + Level 4.0 Dodging
 + Level 4.0 Stealth
 * Level 7.5 Spellcasting
 + Level 2.6 Conjurations
 + Level 6.4 Air Magic


You had 17 spell levels left.
You knew the following spells:

 Your Spells              Type           Power        Failure   Level  Hunger
a - Shock                 Conj/Air       ####         1%          1    None

Your spell library contained the following spells:

 Spells                   Type           Power        Failure   Level  Hunger
 Swiftness                Chrm/Air       ###.....     3%          2    None
 Static Discharge         Conj/Air       ####....     3%          3    None
 Airstrike                Air            #####.....   6%          4    ###....
 Lightning Bolt           Conj/Air       ####......   34%         5    #####..


Dungeon Overview and Level Annotations

Branches:
Dungeon (1/1)

Altars:


Message History

The sky beast shocks you.
You barely miss the sky beast. The sky beast hits you.
The sky beast shocks you.
You hit the sky beast.
The sky beast is lightly wounded.
The sky beast hits you.
* * * LOW HITPOINT WARNING * * *
The sky beast shocks you.
* * * LOW HITPOINT WARNING * * *
You closely miss the sky beast.
The sky beast is lightly wounded.
The sky beast flickers out of sight!
Deactivating autopickup; reactivate with Ctrl-A.
Something hits you but does no damage.
You closely miss something. You hit something. Something barely misses you.
You hit something. Something hits you.
* * * LOW HITPOINT WARNING * * *
Something shocks you.
You die... ▓▓▓▓▓▓▓▓▓▓▓▓▓▓▓▓▓▓ +.lYg.').))÷{@..<▓ ▓▓▓▓▓▓▓▓▓▓▓▓▓▓▓▓▓▓

There were no monsters in sight!

Vanquished Creatures
  An ogre (D)
  A gnoll (D)
  A shadow imp (D)
  A bat (D)
  A hobgoblin (D)
  A frilled lizard (D)
  2 kobolds (D)
8 creatures vanquished.

Notes
Turn   | Place    | Note
-------+----------+-------------------------------------------
     0 | D        | BillyBuyo the Deep Elf Air Elementalist began the quest for
                  | the Orb.
     0 | D        | Reached XP level 1. HP: 10/10 MP: 6/6
    81 | D        | Noticed an iguana
    81 | D        | Noticed a sky beast
    81 | D        | Noticed an ogre
    87 | D        | Reached skill level 4 in Spellcasting
    87 | D        | Reached XP level 2. HP: 2/15 MP: 2/9
    89 | D        | Killed an ogre
    89 | D        | Reached skill level 7 in Spellcasting
    89 | D        | Reached XP level 3. HP: 3/19 MP: 0/13
    89 | D        | Reached XP level 4. HP: 3/24 MP: 0/15
   350 | D        | Slain by a sky beast

Levels and vault maps discovered:
D:        linesprint [early_d, line_temple, items_1, d_10, items_2, lair_1,
          lair_end, items_3, orc_1, orc_end, items_4, d_15, swamp_1, shoals_1,
          snake_1, spider_1, d_20, vaults_1, items_5, swamp_end, shoals_end,
          snake_end, spider_end, vaults_end, d_27, items_6, zot_1, zot_end,
          crypt_end, forest_end, elf_end, slime_end, tomb_end, abyss_end,
          pan_hell_end]

Skill      XL: |  1  2  3  4 |
---------------+-------------+-----
Stealth        | 3 4 |  4.0
Spellcasting   | 4 7 |  7.5
Air Magic      | 4 6 |  6.4
Dodging        | 3 4 |  4.0
Conjurations   | 2 |  2.6

Action                   |  1- 3 |  4- 6 || total
-------------------------+-------+-------++-------
Melee: Club              |       |     9 ||     9
 Cast: Shock             |    10 |     1 ||    11
  Use: Scroll            |     1 |       ||     1
       Potion            |       |     1 ||     1
Armor: Robe              |       |     1 ||     1
Dodge: Dodged            |     7 |     3 ||    10

Table legend:
 A = Non-vault XP
 B = Vault XP
 C = Vault XP percentage of total XP
 D = Non-vault monster count
 E = Vault monster count
 F = Vault count percentage of total count
                 A         B        C        D         E       F
            +---------+---------+-------+---------+---------+-------
      Total |       0 |     146 | 100.0 |       0 |       8 | 100.0
            +---------+---------+-------+---------+---------+-------
          D |       0 |     146 | 100.0 |       0 |       8 | 100.0
            +---------+---------+-------+---------+---------+-------
